 Dungeon Crawl Stone Soup version 0.31-a0-426-g3a05650e59 (webtiles) character file.

Game seed: 4739136494523188737

140 shadowstone the Sneak (level 5, -4/31 HPs)
             Began as a Kobold Brigand on July 30, 2023.
             Was a Priest of Cheibriados.
             Killed by divine providence
             ... invoked by an orc priest
              (16 damage)
             ... on level 3 of the Dungeon.
             The game lasted 00:09:21 (3208 turns).

shadowstone the Sneak (Kobold Brigand)              Turns: 3208, Time: 00:09:22

Health: -4/31      AC: 11    Str: 15    XL:     5   Next: 46%
Magic:  14/14      EV: 10    Int: 22    God:    Cheibriados [***...]
Gold:   100        SH:  0    Dex: 23    Spells: 4/4 levels left

rFire   . . .        x - +4 short sword
rCold   . . .        (no shield)
rNeg    . . .        j - +0 chain mail
rPois   .            i - +2 hat
rElec   .            c - +0 cloak
rCorr   .            (no gloves)
SInv    .            (no boots)
Will    .....        (no amulet)
Stlth   ++           s - ring of magical power
HPRegen 0.25/turn    (no ring)
MPRegen 0.14/turn

%: no passive effects
@: very slow
A: small, no large weapons, nightstalker 3
a: Renounce Religion, Bend Time, Temporal Distortion


You were on level 3 of the Dungeon.
You worshipped Cheibriados.
Cheibriados was most pleased with you.
You visited 1 branch of the dungeon, and saw 3 of its levels.

You collected 100 gold pieces.

Inventory:

Hand Weapons
 a - a +2 dagger
 q - a +2 hand axe of holy wrath
 x - a +4 short sword (weapon)
Missiles
 e - 3 curare-tipped darts
 t - 4 poisoned darts (quivered)
Armour
 b - a +0 robe
 c - a +0 cloak (worn)
 h - a +0 ring mail
 i - a +2 hat (worn)
 j - a +0 chain mail (worn)
Jewellery
 s - a ring of magical power (left hand)
Talismans
 y - a serpent talisman
Wands
 d - a wand of flame (10)
Scrolls
 l - 5 scrolls of identify {unknown}
 o - a scroll of amnesia {unknown}
 r - a scroll of poison {unknown}
Potions
 f - a potion of berserk rage {unknown}
 g - a potion of cancellation {unknown}
 k - a potion of magic {unknown}
 m - a potion of attraction {unknown}
 n - a potion of degeneration {unknown}
 p - a potion of lignification {unknown}
 u - a potion of curing {unknown}
 v - 3 potions of heal wounds {unknown}
 w - a potion of haste {unknown}


   Skills:
 + Level 2.6 Fighting
 + Level 2.9 Short Blades
 + Level 0.5 Axes
 + Level 4.0 Throwing
 + Level 1.1 Armour
 + Level 1.7 Dodging
 + Level 6.2 Stealth


You had 4 spell levels left.
You didn't know any spells.
Your spell library contained the following spells:

 Spells                   Type           Power      Damage    Failure   Level
 Apportation              Tloc           0%         N/A       95%         1
 Alistair's Intoxication  Tmut/Pois      0%         N/A       100%        5


Dungeon Overview and Level Annotations

Branches:
Dungeon (3/15)

Altars:
Cheibriados


Innate Abilities, Weirdness & Mutations

You are small and have problems with some larger weapons.
You are completely attuned to the shadows.


Message History

You hit the orc.
The orc is severely wounded.
The orc hits you but does no damage. The orc hits you with a +0 mace.
You barely miss the orc.
The orc is severely wounded.
The orc closely misses you. The orc hits you but does no damage.
You closely miss the orc.
The orc is severely wounded.
The orc closely misses you. The orc hits you but does no damage.
You barely miss the orc.
The orc is severely wounded.
You puncture the orc!
You kill the orc!
Cheibriados appreciates the change of pace.
The orc hits you with a +0 mace.
An orc comes into view. It is wielding a +0 short sword.
An orc priest comes into view. It is wielding a +0 flail.
The orc barely misses you. The orc hits you but does no damage.
Things that are here:
a +0 hand axe; an orc corpse You hit the orc.
The orc is almost dead.
The orc barely misses you. The orc closely misses you.
You barely miss the orc.
The orc is almost dead.
The orc barely misses you. The orc hits you but does no damage.
You hit the orc.
You kill the orc!
Cheibriados appreciates the change of pace.
The orc priest casts a cantrip, but nothing happens.
The orc hits you with a +0 mace.
The orc priest hits you with a +0 flail.
The orc hits you with a +0 mace.
You see here a +0 short sword.
You puncture the orc priest!
The orc priest is heavily wounded.
The orc priest mumbles some strange prayers to Beogh against you.
Beogh smites you!
Ouch! That really hurt!
You die...

##.#...####### #..#
###..#...# ...#
#...#....# .###
##.#...#### ....
#.†..### ...≈ ~~≈~
..#### ...≈###### ..
≈~≈≈ ..#### ..≈≈≈≈≈≈#
###.. ~≈≈~ .....#
♣.♣.o...≈###....~≈~~~
.....+
....@)...'...##......
###..#
♣.♣..o..≈#...##.~~~~
###..#
..≈≈≈≈≈≈#......~≈≈~.
..)).######
...≈######......~≈≈~.
..).).....# ...≈
#....##.~≈≈~.
..#.......#
#....##.~~≈~.
..#.......#
#######......
..........# #######
..#####...####


You could see an orc priest and an orc.

Vanquished Creatures
  5 adders (D:2)
  3 worms
  6 orcs (D:3)
  8 ball pythons
  6 bats
  7 endoplasms
  3 giant cockroaches
  4 goblins
  12 hobgoblins
  7 jackals
  4 kobolds (D:1)
  3 quokkas
  2 frilled lizards (D:1)
  3 rats
73 creatures vanquished.

Notes
Turn   | Place    | Note
-------+----------+-------------------------------------------
     0 | D:1      | shadowstone the Kobold Brigand began the quest for the Orb.
     0 | D:1      | Reached XP level 1. HP: 12/12 MP: 1/1
   162 | D:1      | Reached XP level 2. HP: 18/18 MP: 2/2
   285 | D:1      | Found a faded altar of an unknown god.
   295 | D:1      | Prayed at the altar of an unknown god.
   295 | D:1      | Became a worshipper of Cheibriados the Contemplative
   295 | D:1      | Reached * piety under Cheibriados
   349 | D:1      | Reached skill level 6 in Stealth
   433 | D:1      | Reached XP level 3. HP: 19/22 MP: 3/3
   984 | D:2      | Reached ** piety under Cheibriados
  1012 | D:2      | Reached XP level 4. HP: 18/27 MP: 4/4
  1392 | D:2      | Reached XP level 5. HP: 30/31 MP: 5/5
  2599 | D:3      | Reached *** piety under Cheibriados
  2681 | D:3      | Reached skill level 1 in Armour
  3208 | D:3      | Killed from afar by an orc priest

Illustrated notes

Levels and vault maps discovered:
D:1:      dpeg_arrival_concentric_ovals, layout_loops_ring,
          ebering_ecumenical_altar_mist, minmay_surrounded
D:2:      layout_rooms, serial_glass, glass_columns_a, glass_columns_b,
          glass_columns_a, glass_columns_c, uniq_crazy_yiuf_cottage
D:3:      layout_rooms, fedhas_altar_2, grunt_ministairs_5, minivault_14,
          kennysheep_minor_cross, minivault_23

Skill      XL: |  1  2  3  4  5 |
---------------+----------------+-----
Stealth        | 6 |  6.2
Throwing       | 3 4 |  4.0
Armour         | 1 |  1.1
Fighting       | |  2.6
Short Blades   | |  2.9
Axes           | |  0.5
Dodging        | |  1.7

Action                     |  1- 3 |  4- 6 || total
---------------------------+-------+-------++-------
  Melee: Dagger            |    40 |     5 ||    45
         Punch             |     2 |       ||     2
         Hand axe          |       |    84 ||    84
         Short sword       |       |     9 ||     9
  Throw: Dart              |    70 |    48 ||   118
 Invoke: Bend Time         |       |     1 ||     1
   Stab: Sleeping          |     3 |     1 ||     4
 Armour: Robe              |     4 |       ||     4
         Ring mail         |    10 |       ||    10
         Chain mail        |    28 |    94 ||   122
  Dodge: Dodged            |    50 |   109 ||   159
         Form:             |       |     1 ||     1
         Anaconda          |       |     1 ||     1

Table legend: (Time is in decaauts)
 A = Elapsed time spent in this place.
 B = Non-inter-level travel time spent in this place.
 C = Inter-level travel time spent in this place.
 D = Time resting spent in this place.
 E = Time spent auto-exploring this place.
 F = Levels seen in this place.
 G = Mean time per level.
                   A        B        C        D        E       F      G
               +--------+--------+--------+--------+--------+-----+--------+
         Total |   3795 |   3786 |      9 |   1402 |    556 |   3 | 1265.0 |
       Dungeon |   3795 |   3786 |      9 |   1402 |    556 |   3 | 1265.0 |
               +--------+--------+--------+--------+--------+-----+--------+

Top non-repeatable levels by time:
     D:2: 1831 daAuts
     D:1: 1182 daAuts
     D:3: 782 daAuts
